 Dungeon Crawl Stone Soup version 0.31-a0-1002-g8e65716e6e (webtiles) character file.

Game seed: 11996586216423781727

48 Avanven the Insei (level 3, -1/29 HPs)
             Began as a Demonspawn Monk on Nov 10, 2023.
             Slain by Terence
             ... wielding a +2 short sword of venom
              (7 damage)
             ... on level 2 of the Dungeon.
             The game lasted 00:03:29 (1067 turns).

Avanven the Insei (Demonspawn Monk)                 Turns: 1067, Time: 00:03:31

Health: -1/29      AC:  3    Str: 13    XL:     3   Next: 50%
Magic:  3/3        EV: 12    Int: 13    God:
Gold:   102        SH:  0    Dex: 15    Spells: 2/2 levels left

rFire   . .          .
                       - Unarmed
rCold   . . .        c - orb {light}
rNeg    . . .        a - +0 robe
rPois   .            (no helmet)
rElec   .            i - +0 cloak
rCorr   .            (no gloves)
SInv    .            (no boots)
Will    .....        (no amulet)
Stlth   +            (no ring)
HPRegen 0.24/turn    (no ring)
MPRegen 0.08/turn

%: no passive effects
@: lethally poisoned (-1 -> -9), glowing
A: foul stench 1, big brain 1
a: no special abilities


You were on level 2 of the Dungeon.
You visited 1 branch of the dungeon, and saw 2 of its levels.

You collected 102 gold pieces.

Inventory:

Armour
 a - a +0 robe (worn)
 c - an orb of light (worn)
 i - a +0 cloak (worn)
Scrolls
 e - 3 scrolls of identify
 f - 2 scrolls of poison {unknown}
 g - a scroll of fog {unknown}
 h - a scroll of blinking {unknown}
Potions
 b - a potion of ambrosia
 d - a potion of curing


   Skills:
 - Level 3.0 Fighting
 - Level 2.6 Dodging
 + Level 4.1 Unarmed Combat


You had 2 spell levels left.
You didn't know any spells.
Your spell library was empty.

Dungeon Overview and Level Annotations

Branches:
Dungeon (2/15)

Altars:

Annotations:
D:2 Terence


Innate Abilities, Weirdness & Mutations

You may rarely emit foul miasma when damaged in melee.
You have an unusually large brain. (Int +2)


Message History

Terence is nearby!
You hit Terence.
Terence is moderately wounded.
Terence closely misses you.
You hit Terence but do no damage.
Terence is moderately wounded.
Terence closely misses you.
You barely miss Terence.
Terence is moderately wounded.
Terence completely misses you.
You hit Terence but do no damage.
Terence is moderately wounded.
Terence hits you with a +2 short sword of venom.
You hit Terence.
Terence is heavily wounded.
Terence hits you with a +2 short sword of venom.
You are poisoned.
You hit Terence but do no damage.
Terence is heavily wounded.
You feel very sick. Terence barely misses you.
You barely miss Terence.
Terence is heavily wounded.
You feel sick. Terence misses you.
You hit Terence but do no damage.
Terence is heavily wounded.
You feel sick.
Terence hits you with a +2 short sword of venom.
You are lethally poisoned!
You hit Terence.
Terence is heavily wounded.
You feel very sick. Terence barely misses you.
You hit Terence but do no damage.
Terence is heavily wounded.
* * * LOW HITPOINT WARNING * * *
You feel very sick.
Terence hits you with a +2 short sword of venom!
You die...
Terence says, "Time to find some more victims."

######......######### .
..)).'......'......>#.#....
######.)....#######.#.....
#####.......##......
#.#####.##.#...
#.#...#.##.#..
#.#.......<#.#
#.########.#.#
#.#..g@@...[.#
#.#'######.### ..... #.#
....@.. #.# .......... #.#
........... #.#
...g.......##.#
...........##.#


You could see Terence and a hobgoblin.

Vanquished Creatures
  Robin (D:2)
  A dart slug (D:1)
  3 ball pythons
  2 endoplasms (D:1)
  A giant cockroach (D:1)
  11 goblins
  3 hobgoblins
  2 jackals (D:2)
  A kobold (D:1)
  2 bats
  2 frilled lizards (D:1)
  2 rats (D:1)
31 creatures vanquished.

Notes
Turn   | Place    | Note
-------+----------+-------------------------------------------
     0 | D:1      | Avanven the Demonspawn Monk began the quest for the Orb.
     0 | D:1      | Reached XP level 1. HP: 18/18 MP: 1/1
    39 | D:1      | Reached skill level 3 in Unarmed Combat
   129 | D:1      | Gained mutation: You have an unusually large brain. (Int
                  | +2) [demonic ancestry]
   129 | D:1      | Reached XP level 2. HP: 24/24 MP: 2/2
   878 | D:2      | Gained mutation: You may rarely emit foul miasma when
                  | damaged in melee. [demonic ancestry]
   878 | D:2      | Reached XP level 3. HP: 24/29 MP: 3/3
   910 | D:2      | Noticed Robin
   924 | D:2      | Killed Robin
   925 | D:2      | Reached skill level 4 in Unarmed Combat
  1051 | D:2      | Noticed Terence
  1067 | D:2      | Slain by Terence

Illustrated notes

Levels and vault maps discovered:
D:1:      spicycebolla_green_bress_n_ham_2, layout_basic,
          minmay_misc_feat_plants
D:2:      layout_basic, st_stairs_1, uniq_robin, uniq_terence

Skill      XL: |  1  2  3 |
---------------+----------+-----
Unarmed Combat | 3 4 |  4.1
Fighting       | |  3.0
Dodging        | |  2.6

Action                     || total
---------------------------++-------
  Melee: Unarmed           ||    92
    Use: Scroll            ||     1
 Armour: Robe              ||    52
  Dodge: Dodged            ||    45

Table legend: (Time is in decaauts)
 A = Elapsed time spent in this place.
 B = Non-inter-level travel time spent in this place.
 C = Inter-level travel time spent in this place.
 D = Time resting spent in this place.
 E = Time spent auto-exploring this place.
 F = Levels seen in this place.
 G = Mean time per level.
                   A        B        C        D        E       F      G
               +--------+--------+--------+--------+--------+-----+--------+
         Total |   1062 |   1051 |     11 |      0 |    817 |   2 |  531.0 |
       Dungeon |   1062 |   1051 |     11 |      0 |    817 |   2 |  531.0 |
               +--------+--------+--------+--------+--------+-----+--------+

Top non-repeatable levels by time:
     D:1: 758 daAuts
     D:2: 304 daAuts
